 Dungeon Crawl Stone Soup version 0.31-a0-233-g139696dc86 (webtiles) character file.

Game seed: 13546643066318218914

956 qw the Skirmisher (level 7, -1/61 HPs)
             Began as a Minotaur Hexslinger on July 7, 2023.
             Slain by a gnoll
             ... wielding a +0 club
             ... led by a gnoll bouda
              (7 damage)
             ... on level 6 of the Dungeon.
             The game lasted 00:02:11 (4369 turns).

qw the Skirmisher (Minotaur Hexslinger)             Turns: 4369, Time: 00:02:12

Health: -1/61      AC: 10    Str: 18    XL:     7   Next: 91%
Magic:  7/7        EV: 11    Int: 10    God:
Gold:   207        SH:  0    Dex: 15    Spells: 7/8 levels left

rFire   . . .        a - +0 orcbow
rCold   . . .        (shield currently unavailable)
rNeg    . . .        l - +0 ring mail
rPois   .            (helmet restricted)
rElec   .            e - +0 cloak
rCorr   .            (no gloves)
SInv    .            (no boots)
Will    .....        n - amulet of regeneration
Stlth   +            m - +4 ring of protection
HPRegen 1.10/turn    k - +6 ring of strength
MPRegen 0.10/turn

%: no passive effects
@: no status effects
A: horns 2, retaliatory headbutt
a: no special abilities


You were on level 6 of the Dungeon.
You visited 2 branches of the dungeon, and saw 7 of its levels.
You also visited: Sewer.

You collected 207 gold pieces.


Innate Abilities, Weirdness & Mutations

You have a pair of horns on your head.
You reflexively headbutt those who attack you in melee.


   Skills:
 - Level 5.6 Fighting
 + Level 8.3 Ranged Weapons
 - Level 2.7 Armour
 - Level 2.1 Dodging
 - Level 1.0 Spellcasting
 - Level 2.0 Hexes


You had 7 spell levels left.
You knew the following spells:

 Your Spells              Type           Power      Damage    Failure   Level
a - Slow                  Hex            16%        N/A       26%         1

Your spell library contained the following spells:

 Spells                   Type           Power      Damage    Failure   Level
 Inner Flame              Hex/Fire       2%         N/A       75%         3
 Portal Projectile        Hex/Tloc       4%         N/A       75%         3
 Cause Fear               Hex            2%         N/A       95%         4

Inventory:

Hand Weapons
 a - a +0 orcbow (weapon)
Armour
 e - a +0 cloak (worn)
 l - a +0 ring mail (worn)
Jewellery
 g - a ring of fire
 k - a +6 ring of strength (right hand)
 m - a +4 ring of protection (left hand)
 n - an amulet of regeneration (around neck)
Scrolls
 b - a scroll of identify
Potions
 c - a potion of might
 d - 2 potions of curing
 f - a potion of haste
 h - a potion of enlightenment
 j - a potion of resistance

Dungeon Overview and Level Annotations

Branches:
Dungeon (6/15)             Temple (1/1) D:5           Sewer (visited)

Altars:
Cheibriados
Fedhas
Gozag
Hepliaklqana
Kikubaaqudgha
Makhleb
Nemelex Xobeh
Qazlal
Sif Muna
Trog
Uskayaw
Vehumet
Wu Jian
Xom
Yredelemnul
Zin
The Shining One

Shops:
D:4 (


Message History

4365 ||| DRINKING 4 potions of curing.
You feel better.
4365 ||| (to cure confusion)
The gnoll is no longer moving quickly.
The hound bites you but does no damage. The gnoll barely misses you.
The orc barely misses you. The shadow imp hits you.
You hear some strange, mumbled words.
You are confused.
The gnoll bouda barks out a call to the hunt!
The gnolls pick up the pace!
The hound closely misses you.
4366 ||| DRINKING 3 potions of curing.
You feel better.
4366 ||| (to cure confusion)
The hound bites you. The gnoll misses you.
Something hits you but does no damage. The shadow imp hits you.
The gnoll bouda hits you but does no damage.
The orc hits you but does no damage.
You shoot an arrow.
The arrow hits the hound but does no damage.
The hound is almost dead.
The hound barely misses you. You furiously retaliate!
You headbutt the hound!
You kill the hound!
The gnoll completely misses you. The orc hits you but does no damage.
The shadow imp barely misses you. You furiously retaliate!
You headbutt the shadow imp.
The gnoll bouda mumbles some strange prayers to its god.
The gnoll bouda is healed somewhat.
Something hits you but does no damage.
You shoot an arrow. The arrow barely misses the shadow imp.
The gnoll hits you from afar with a +0 spear.
You hear some strange, mumbled words.
A puff of flame appears from out of thin air!
The puff of flame hits you. The gnoll hits you with a +0 club.
The gnoll bouda closely misses you. You furiously retaliate!
You headbutt the gnoll bouda.
The shadow imp hits you but does no damage.
The orc barely misses you.
You shoot an arrow.
The arrow closely misses the shadow imp.
The gnoll closely misses you. The gnoll bouda closely misses you.
The shadow imp closely misses you. The orc hits you with a +0 mace.
Something hits you but does no damage. The gnoll hits you with a +0 club!
You die...

.........
.......#
#......#
#......
#####.....#
........g.#
##[...gg#.#
......5@o.#
..####{.###
#...# #...#
..####...#
........##
...#.##.# .
#.##.#
#.##.#


You could see a gnoll bouda, 2 gnolls, a shadow imp and an orc.

Vanquished Creatures
  An ogre (D:4)
  A centaur (D:5)
  A phantom (D:4)
  3 scorpions
  3 hounds
  A jelly (D:5)
  Natasha (thrice) (D:3)
  2 orc wizards
  Robin (D:3)
  4 gnolls
  9 adders
  A river rat (D:4)
  A white imp (D:6)
  A worm (D:3)
  4 dart slugs
  17 orcs
  11 ball pythons
  8 endoplasms
  6 giant cockroaches
  19 goblins
  7 hobgoblins
  3 jackals (D:3)
  6 quokkas
  7 bats
  13 frilled lizards
  2 kobolds (D:4)
  10 rats
145 creatures vanquished.

Vanquished Creatures (others)
  An orc wizard (D:6)
  An orc (D:3)
2 creatures vanquished.

Grand Total: 147 creatures vanquished

Notes
Turn   | Place    | Note
-------+----------+-------------------------------------------
     0 | D:1      | qw the Minotaur Hexslinger began the quest for the Orb.
     0 | D:1      | Reached XP level 1. HP: 16/16 MP: 1/1
     0 | D:1      | 0 ||| qw: Version: 0.3-a-46-gb1f654a
     0 | D:1      | 0 ||| qw: Game counter: 3021
     0 | D:1      | 0 ||| qw: Melee chars always use a shield: true
     0 | D:1      | 0 ||| qw: God list: Okawaru
     0 | D:1      | 0 ||| qw: Allow faded altars: false
     0 | D:1      | 0 ||| qw: Do Orc after clearing Dungeon:15 true
     0 | D:1      | 0 ||| qw: Do second Lair branch before Depths: true
     0 | D:1      | 0 ||| qw: Lair rune preference: random
     0 | D:1      | 0 ||| qw: Goals: Normal
     0 | D:1      | 0 ||| PLANNING D:1-11
    80 | D:1      | Reached skill level 3 in Ranged Weapons
    80 | D:1      | Reached XP level 2. HP: 9/23 MP: 2/2
   509 | D:1      | 509 ||| UPGRADING to +0 ring mail.
   519 | D:1      | 519 ||| DROPPING +0 robe.
   520 | D:1      | 520 ||| UPGRADING to +4 ring of protection.
   521 | D:1      | 521 ||| READING scroll labelled QUDOUH KA PUSAM.
   522 | D:1      | 522 ||| READING scroll labelled CEFUITRAIM.
   523 | D:1      | 523 ||| READING scroll labelled IRIENLUIVE.
   524 | D:1      | 524 ||| READING scroll labelled KYFEAX VELYAS.
   525 | D:1      | 525 ||| READING 2 scrolls labelled YKHIAF KOSELOL.
   526 | D:1      | 526 ||| READING scroll labelled GIOHOXT ASCHARY.
   527 | D:1      | 527 ||| READING scroll labelled IMIGHO MYNKUL.
   528 | D:1      | 528 ||| DROPPING scroll of poison.
   529 | D:1      | 529 ||| DROPPING scroll of summoning.
   726 | D:2      | Reached XP level 3. HP: 29/29 MP: 3/3
   738 | D:2      | Found a stormy altar of Qazlal.
   983 | D:2      | Reached skill level 4 in Ranged Weapons
  1035 | D:2      | Found a faded altar of an unknown god.
  1199 | D:2      | Reached skill level 1 in Armour
  1353 | D:2      | 1353 ||| DRINKING 2 blue potions.
  1419 | D:3      | Noticed Natasha
  1422 | D:3      | 1422 ||| Stepping ~*~*~tactically~*~*~ (outnumbered).
  1424 | D:3      | 1424 ||| Stepping ~*~*~tactically~*~*~ (outnumbered).
  1433 | D:3      | Killed Natasha
  1434 | D:3      | Reached XP level 4. HP: 31/36 MP: 4/4
  1466 | D:3      | Noticed Natasha
  1480 | D:3      | HP: 8/36 [Natasha (7)]
  1482 | D:3      | Killed Natasha
  1483 | D:3      | Reached skill level 5 in Ranged Weapons
  1706 | D:3      | Noticed Robin
  1715 | D:3      | Reached XP level 5. HP: 32/42 MP: 5/5
  1722 | D:3      | Killed Robin
  1723 | D:3      | Reached skill level 3 in Fighting
  1852 | D:3      | Noticed Natasha
  1864 | D:3      | Killed Natasha
  2342 | D:3      | 2342 ||| UPGRADING to +0 cloak.
  2347 | D:3      | 2347 ||| READING 2 scrolls labelled EKHEAZOEVY.
  2348 | D:3      | 2348 ||| DRINKING 2 silvery potions.
  2349 | D:3      | 2349 ||| READING 5 scrolls of identify.
  2349 | D:3      | 2349 ||| IDENTIFYING fizzy green potion
  2350 | D:3      | 2350 ||| READING 4 scrolls of identify.
  2350 | D:3      | 2350 ||| IDENTIFYING green potion
  2351 | D:3      | 2351 ||| DROPPING potion of degeneration.
  2352 | D:3      | 2352 ||| DROPPING scroll of fear.
  2379 | D:4      | 2379 ||| PLANNING SEWER
  2452 | D:4      | Reached skill level 6 in Ranged Weapons
  2577 | D:4      | Noticed an ogre
  2589 | D:4      | Killed an ogre
  2590 | D:4      | Reached XP level 6. HP: 37/53 MP: 6/6
  2685 | D:4      | Found a glowing drain.
  2695 | D:4      | 2695 ||| READING scroll labelled GEUNOS GATTYNA.
  2710 | D:4      | 2710 ||| READING 3 scrolls of identify.
  2710 | D:4      | 2710 ||| IDENTIFYING viscous silvery potion
  2711 | D:4      | 2711 ||| DROPPING potion of lignification.
  2712 | D:4      | 2712 ||| Stepping randomly (stuck).
  2713 | D:4      | 2713 ||| Stepping randomly (stuck).
  2714 | D:4      | 2714 ||| Stepping randomly (stuck).
  2715 | D:4      | 2715 ||| Stepping randomly (stuck).
  2716 | D:4      | 2716 ||| Stepping randomly (stuck).
  2717 | D:4      | 2717 ||| Stepping randomly (stuck).
  2733 | D:4      | 2733 ||| Stepping randomly (stuck).
  2734 | D:4      | 2734 ||| Stepping randomly (stuck).
  2735 | D:4      | 2735 ||| Stepping randomly (stuck).
  2736 | D:4      | 2736 ||| Stepping randomly (stuck).
  2737 | D:4      | 2737 ||| Stepping randomly (stuck).
  2738 | D:4      | 2738 ||| Stepping randomly (stuck).
  2739 | D:4      | 2739 ||| Stepping randomly (stuck).
  2740 | D:4      | 2740 ||| Stepping randomly (stuck).
  2741 | D:4      | 2741 ||| Stepping randomly (stuck).
  2742 | D:4      | 2742 ||| Stepping randomly (stuck).
  2743 | D:4      | 2743 ||| Stepping randomly (stuck).
  2744 | D:4      | 2744 ||| Stepping randomly (stuck).
  2745 | D:4      | 2745 ||| Stepping randomly (stuck).
  2746 | D:4      | 2746 ||| Stepping randomly (stuck).
  2752 | D:4      | Found Xeps's Weapon Boutique.
  2795 | Sewer    | Entered a sewer
  2814 | Sewer    | 2814 ||| Stepping ~*~*~tactically~*~*~ (water).
  2829 | Sewer    | 2829 ||| Stepping ~*~*~tactically~*~*~ (water).
  2960 | Sewer    | 2960 ||| Stepping ~*~*~tactically~*~*~ (water).
  3017 | Sewer    | 3017 ||| DRINKING 2 sapphire potions.
  3018 | Sewer    | 3018 ||| DRINKING 2 murky grey potions.
  3019 | Sewer    | 3019 ||| READING 2 scrolls of identify.
  3019 | Sewer    | 3019 ||| IDENTIFYING grey potion
  3020 | Sewer    | 3020 ||| DROPPING potion of attraction.
  3021 | Sewer    | 3021 ||| DROPPING potion of brilliance.
  3058 | D:4      | 3058 ||| PLANNING D:1-11
  3438 | D:4      | Reached skill level 7 in Ranged Weapons
  3438 | D:4      | Reached XP level 7. HP: 60/60 MP: 7/7
  3552 | D:4      | 3552 ||| UPGRADING to +6 ring of strength.
  3591 | D:5      | Entered Level 5 of the Dungeon
  3814 | D:5      | Reached skill level 8 in Ranged Weapons
  3905 | D:5      | Found a staircase to the Ecumenical Temple.
  3906 | D:5      | 3906 ||| PLANNING TEMPLE
  3906 | D:5      | 3906 ||| DRINKING 2 bubbling dark potions.
  3907 | D:5      | 3907 ||| READING 2 scrolls of identify.
  3907 | D:5      | 3907 ||| IDENTIFYING fizzy red potion
  3908 | D:5      | 3908 ||| DROPPING potion of berserk rage.
  3914 | Temple   | Entered the Ecumenical Temple
  3918 | Temple   | 3918 ||| PLANNING D:1-11
  4064 | D:5      | 4064 ||| SWAPPING to +0 orcbow.
  4065 | D:5      | 4065 ||| DROPPING +2 sling.
  4282 | D:5      | 4282 ||| UPGRADING to amulet of regeneration.
  4287 | D:5      | 4287 ||| READING 2 scrolls of identify.
  4287 | D:5      | 4287 ||| IDENTIFYING white potion
  4361 | D:6      | HP: 13/61 [something/puff of flame (3)]
  4361 | D:6      | HP: 5/61 [gnoll bouda/+0 club (5)]
  4362 | D:6      | 4362 ||| DRINKING potion of heal wounds.
  4364 | D:6      | HP: 2/61 [gnoll bouda/+0 club (2)]
  4365 | D:6      | 4365 ||| DRINKING 4 potions of curing.
  4365 | D:6      | 4365 ||| (to cure confusion)
  4366 | D:6      | 4366 ||| DRINKING 3 potions of curing.
  4366 | D:6      | 4366 ||| (to cure confusion)
  4369 | D:6      | HP: 6/61 [orc/+0 mace (3)]
  4369 | D:6      | Slain by a gnoll

Levels and vault maps discovered:
D:1:      heliophobic_arrival_enchanted_forest, layout_rooms,
          hangedman_decor_peaks_small, hangedman_abyss_or_decor_lesser_grid,
          minmay_distorted
D:2:      layout_basic, basic_altar, basic_ecumenical_altar
D:3:      layout_loops_cross, wander_ebering_terrifying_dragon_lair, uniq_robin,
          uniq_natasha
D:4:      layout_basic, serial_shops, shop, portal_sewer_entry_a, nicolae_titane
D:5:      layout_rooms, minmay_temple_entry_ruins
D:6:      layout_basic
Temple:   sentei_temple_godly_chess

Skill      XL: |  1  2  3  4  5  6  7 |
---------------+----------------------+-----
Ranged Weapons | 3 4 5 6 7 8 |  8.3
Fighting       | 2 4 5 |  5.6
Armour         | 1 2 |  2.7
Dodging        | |  2.1
Spellcasting   | |  1.0
Hexes          | |  2.0

Action                     |  1- 3 |  4- 6 |  7- 9 || total
---------------------------+-------+-------+-------++-------
   Fire: Sling             |   132 |   273 |    74 ||   479
         Orcbow            |       |       |    33 ||    33
    Use: Scroll            |     7 |     6 |     2 ||    15
         Potion            |     1 |     3 |     4 ||     8
 Armour: Robe              |     5 |       |       ||     5
         Ring mail         |    23 |    80 |    50 ||   153
  Dodge: Dodged            |    55 |    97 |    70 ||   222

Table legend:
 A = Non-vault XP
 B = Vault XP
 C = Vault XP percentage of total XP
 D = Non-vault monster count
 E = Vault monster count
 F = Vault count percentage of total count
                 A         B        C        D         E       F
            +---------+---------+-------+---------+---------+-------
      Total |    1226 |     141 |  10.3 |     108 |      38 |  26.0
            +---------+---------+-------+---------+---------+-------
        D:1 |      37 |       1 |   2.6 |      21 |       1 |   4.5
        D:2 |      38 |       0 |   0.0 |      17 |       0 |   0.0
        D:3 |     166 |      76 |  31.4 |      27 |      15 |  35.7
        D:4 |     401 |      20 |   4.8 |      26 |       5 |  16.1
        D:5 |     440 |       0 |   0.0 |      13 |       0 |   0.0
        D:6 |     144 |       0 |   0.0 |       4 |       0 |   0.0
      Sewer |       0 |      44 | 100.0 |       0 |      17 | 100.0
            +---------+---------+-------+---------+---------+-------
